 Dungeon Crawl Stone Soup version 0.13.0-15-g9204fa6 (webtiles) character file.

6017 Kejsarherre the Cleaver (level 10, 0/82 HPs)
             Began as a Hill Orc Skald on Oct 20, 2013.
             Was an Initiate of the Shining One.
             Succumbed to a queen bee's poison
             ... on Level 9 of the Dungeon on Oct 21, 2013.
             The game lasted 00:21:35 (7859 turns).

Kejsarherre the Cleaver (Hill Orc Skald)            Turns: 7859, Time: 00:21:35

HP   0/82        AC 15     Str 21      XL: 10   Next: 68%
MP  15/15        EV 19     Int 12      God: the Shining One [......]
Gold 565         SH  0     Dex 20      Spells:  3 memorised,  7 levels left

Res.Fire  : . . .   See Invis. : .   D - +2 orc war axe
Res.Cold  : . . .   Warding    : .   p - +1 scale mail of Liseo {Dex+2 Dam+5}
Life Prot.: . . .   Conserve   : .   (no shield)
Res.Poison: .       Res.Corr.  : .   (no helmet)
Res.Elec. : .       Clarity    : .   a - +2 cloak "Qemy" {Dex+4 Acc+4}
Sust.Abil.: . .     Spirit.Shd : .   (no gloves)
Res.Mut.  : .       Stasis     : .   t - +2 pair of boots (curse)
Res.Rott. : .       Flight     : .   (no amulet)
Saprovore : + . .                    K - +4 ring of dexterity
                                     v - +6 ring of evasion

@: mildly poisoned, very slightly contaminated, somewhat resistant to hostile
enchantments, extremely unstealthy
A: berserk 1, saprovore 1, Str +2
a: Renounce Religion


You were on level 9 of the Dungeon.
You worshipped the Shining One. the Shining One was noncommittal.
You were hungry.

You visited 2 branches of the dungeon, and saw 10 of its levels.

You collected 545 gold pieces.

Inventory:

Hand weapons
 q - the +9,+5 mace of Wrath {vamp, -Cast rF+ MR++, unknown}
   (You found it on level 4 of the Dungeon)

   It inflicts no extra harm, but heals its wielder somewhat when it strikes a
   living foe.
   It protects you from fire.
   It affects your resistance to hostile enchantments.
   It prevents spellcasting.
   The Shining One opposes the use of such an evil item.
 u - a +1,+0 war axe
 D - a +2,+2 orcish war axe (weapon)
Armour
 a - the +2 cloak "Qemy" (worn) {Dex+4 Acc+4}
   (You found it on level 6 of the Dungeon)

   It affects your dexterity (+4).
   It affects your accuracy (+4).
 b - a +0 orcish leather armour
 e - a +0 chain mail
 o - a +3 leather armour of poison resistance
 p - the +1 scale mail of Liseo (worn) {Dex+2 Dam+5}
   (You found it on level 6 of the Dungeon)

   It affects your dexterity (+2).
   It affects your damage-dealing abilities (+5).
 t - a cursed +2 pair of boots (worn)
 w - a +1 orcish ring mail
Magical devices
 y - a wand of random effects (9)
 B - a wand of magic darts (3)
Comestibles
 d - 2 meat rations
 k - 3 bread rations
 l - a rotting chunk of worm flesh
 z - 2 apples
 C - a beef jerky
 G - 2 pears
 H - a sausage
 J - a choko
Scrolls
 f - 7 scrolls of teleportation
 g - a scroll of enchant weapon I
 m - a scroll of blinking
 n - 2 scrolls of fear
 s - 5 scrolls of remove curse
 E - a scroll of fog
 F - a scroll of recharging {unknown}
 I - a scroll of magic mapping
 N - a scroll of vulnerability
Jewellery
 r - an uncursed ring of protection from fire
 v - a +6 ring of evasion (left hand)
 K - a +4 ring of dexterity (right hand)
 L - a +3 ring of dexterity
Potions
 i - 2 potions of brilliance
 j - 2 potions of agility
 x - a potion of restore abilities
Books
 c - a book of Battle

   Spells                             Type                      Level
   *Infusion                          Charms                       1
   Shroud of Golubria                 Charms/Translocation         2
   *Song of Slaying                   Charms                       2
   Spectral Weapon                    Hexes/Charms                 3
   Regeneration                       Charms/Necromancy            3
   Song of Shielding                  Charms                       4
 M - a book of Air

   Spells                             Type                      Level
   Shock                              Conjuration/Air              1
   *Swiftness                         Charms/Air                   2
   Repel Missiles                     Charms/Air                   2
   Flight                             Charms/Air                   3
   Static Discharge                   Conjuration/Air              3
   Lightning Bolt                     Conjuration/Air              5


   Skills:
 + Level 8.1 Fighting
 + Level 11.4 Axes
 + Level 7.0 Armour
 + Level 7.2 Dodging
 - Level 1.5 Spellcasting
 * Level 4.0 Charms


You had 7 spell levels left.
You knew the following spells:

 Your Spells              Type           Power        Failure   Level  Hunger
a - Infusion              Chrm           ##....       14%         1    ##.....
b - Song of Slaying       Chrm           ##........   21%         2    ###....
c - Swiftness             Chrm/Air       #.........   47%         2    ###....


Dungeon Overview and Level Annotations

Branches:
Dungeon (9/27)             Temple (1/1) D:7
    Orc: D:6-11        Lair: D:8-13

Altars:
Ashenzari
Cheibriados
Elyvilon
Fedhas
Kikubaaqudgha
Makhleb
Nemelex Xobeh
Okawaru
Sif Muna
Trog
Xom
Zin
the Shining One

Shops:
D:4 (


Innate Abilities, Weirdness & Mutations

You can tolerate rotten meat.
You tend to lose your temper in combat.
Your muscles are strong. (Str +2)


Message History

* * * LOW HITPOINT WARNING * * *
You feel sick.
You start resting.
* * * LOW HITPOINT WARNING * * *
You feel sick.
You start resting.
* * * LOW HITPOINT WARNING * * *
You feel sick.
You start resting.
* * * LOW HITPOINT WARNING * * *
You feel sick.
You feel a little better.
You start resting.
The Shining One protects you from harm!
You start resting.
* * * LOW HITPOINT WARNING * * *
You feel sick.
You feel a little better.
You start resting.
You die...

#....... #.....k. #...))k.
###..%k# +###### #######+##
#####k# ......# #........#
#...... ......# ####........#
#...... ......####..'........#
#...... ...<..#....##...@....####
#......
.....>'.#####<%......'..###k.....
......### #........##...+......
......# #........######......
......# ####'##### #####+#
##'############..#
#.##............#
##(##(...##≈#....#
#....).#≈#≈≈###..#######


There were no monsters in sight!

Vanquished Creatures
  Pikel (D:3)
  Joseph (D:7)
  A troll (D:9)
  A hungry ghost (D:8)
  Eustachio (D:5)
  A manticore (D:8)
  A hill giant skeleton (D:8)
  The ghost of Piginabag the Charmwright, an average MfSk of Fedhas (D:3)
  2 phantoms
  2 orc warriors
  3 sky beasts
  A slave (D:4)
  3 centaurs
  4 ogres
  Blork the orc (D:5)
  An agate snail (D:3)
  4 giant frogs
  13 killer bees
  3 wights (D:9)
  4 crimson imps
  A jelly (D:3)
  A hound (D:8)
  4 iguanas
  A quasit (D:3)
  A giant frog skeleton (D:5)
  A giant frog zombie (D:6)
  5 orc priests
  A scorpion (D:5)
  A gnoll shaman (D:5)
  3 orc wizards
  8 worker ants
  A hound skeleton (D:4)
  Terence (D:2)
  7 adders
  4 gnolls (D:5)
  2 green rats (D:5)
  3 giant mites
  A white imp (D:5)
  3 worms
  A giant eyeball (D:4)
  20 orcs
  3 bat skeletons
  8 giant cockroaches
  10 goblins
  A grey rat (D:5)
  9 hobgoblins
  5 jackals
  An ooze (D:3)
  4 quokkas
  2 ball pythons
  18 bats
  5 giant geckos
  3 giant newts
  3 giant spores
  13 kobolds
  A kobold skeleton (D:8)
  2 orc skeletons
  A quokka skeleton (D:3)
  16 rats
  3 ballistomycetes
227 creatures vanquished.

Vanquished Creatures (others)
  An iguana (D:4)
  2 orcs (D:4)
3 creatures vanquished.

Grand Total: 230 creatures vanquished

Notes
Turn   | Place    | Note
--------------------------------------------------------------
     0 | D:1      | Kejsarherre, the Hill Orc Skald, began the quest for the Orb.
     0 | D:1      | Reached XP level 1. HP: 16/16 MP: 3/3
    85 | D:1      | Reached skill level 3 in Axes
   111 | D:1      | Reached XP level 2. HP: 10/23 MP: 4/4
   221 | D:1      | Reached skill level 1 in Dodging
   935 | D:2      | Reached XP level 3. HP: 16/29 MP: 6/6
  1700 | D:3      | Noticed a phantom
  1708 | D:3      | Noticed Piginabag's ghost (average MfSk)
  1809 | D:4      | Reached XP level 4. HP: 17/36 MP: 7/7
  2041 | D:4      | Learned a level 2 spell: Song of Slaying
  2048 | D:4      | Noticed a phantom
  2295 | D:3      | Reached skill level 4 in Axes
  2295 | D:3      | Reached XP level 5. HP: 17/42 MP: 6/8
  2630 | D:2      | Noticed Terence
  2652 | D:2      | HP: 1/42 [Terence/short sword (3)]
  2659 | D:2      | Killed Terence
  2996 | D:2      | Reached XP level 6. HP: 48/50 MP: 10/10
  3069 | D:3      | Killed Piginabag's ghost
  3232 | D:3      | Killed a phantom
  3232 | D:3      | Reached skill level 5 in Axes
  3232 | D:3      | Reached XP level 7. HP: 52/56 MP: 7/11
  3403 | D:3      | Noticed an agate snail
  3444 | D:3      | Killed an agate snail
  3447 | D:3      | Found a snail-covered altar of Cheibriados.
  3651 | D:4      | Paralysed by a giant eyeball for 2 turns
  3671 | D:4      | Noticed a slave
  3672 | D:4      | Noticed a slave
  3673 | D:4      | Noticed Pikel
  3673 | D:4      | Noticed a slave
  3685 | D:4      | Noticed a slave
  3831 | D:4      | Killed a phantom
  3969 | D:4      | Got an ancient mace
  4073 | D:4      | Killed a slave
  4118 | D:3      | Killed Pikel
  4118 | D:3      | Reached skill level 5 in Fighting
  4118 | D:3      | Reached skill level 6 in Axes
  4118 | D:3      | Reached skill level 5 in Dodging
  4118 | D:3      | Reached XP level 8. HP: 15/64 MP: 8/13
  4259 | D:4      | Reached skill level 7 in Axes
  4261 | D:4      | Noticed an ogre
  4270 | D:4      | Killed an ogre
  4370 | D:4      | Reached skill level 5 in Armour
  4543 | D:4      | Found Mystraymi's Weapon Shop.
  4568 | D:5      | Entered Level 5 of the Dungeon
  4791 | D:5      | Noticed Eustachio
  4832 | D:5      | Killed Eustachio
  4832 | D:5      | Reached XP level 9. HP: 44/71 MP: 14/14
  4859 | D:5      | Reached skill level 8 in Axes
  4984 | D:5      | Noticed Blork the orc
  4999 | D:5      | Killed Blork the orc
  5337 | D:6      | Got a twisted scale mail
  5341 | D:6      | Identified the +1 scale mail of Liseo {Dex+2 Dam+5} (You found it on level 6 of the Dungeon)
  5501 | D:6      | Got a smoking cloak
  5504 | D:6      | Identified the +2 cloak "Qemy" {Dex+4 Acc+4} (You found it on level 6 of the Dungeon)
  5557 | D:6      | Reached skill level 9 in Axes
  6314 | D:7      | Found a staircase to the Ecumenical Temple.
  6320 | D:8      | Gained mutation: You tend to lose your temper in combat. [mutagenic meat]
  6321 | D:8      | Gained mutation: Your muscles are strong. (Str +2) [mutagenic meat]
  6515 | Temple   | Entered the Ecumenical Temple
  6556 | Temple   | Became a worshipper of the Shining One
  6640 | D:7      | Noticed Joseph
  6661 | D:7      | Killed Joseph
  6661 | D:7      | Reached skill level 10 in Axes
  6661 | D:7      | Reached XP level 10. HP: 36/81 MP: 15/15
  6877 | D:8      | Found a sparkling altar of Nemelex Xobeh.
  6972 | D:8      | Learned a level 2 spell: Swiftness
  7284 | D:8      | Found a glowing golden altar of the Shining One.
  7670 | D:9      | Reached skill level 11 in Axes
  7851 | D:9      | HP: 4/82 [poisoned by a queen bee]
  7855 | D:9      | HP: 1/82 [poisoned by a queen bee]
  7857 | D:9      | The Shining One protects you from harm!
  7859 | D:9      | Succumbed to a queen bee's poison

Action                   |  1- 3 |  4- 6 |  7- 9 | 10-12 || total
-------------------------+-------+-------+-------+-------++-------
Melee: Hand axe          |   114 |   103 |       |       ||   217
       War axe           |       |   118 |   470 |   134 ||   722
 Cast: Song of Slaying   |       |     1 |     3 |       ||     4
       Infusion          |       |     8 |    10 |       ||    18
Evoke: Wand              |       |       |     3 |     3 ||     6
  Use: Potion            |       |     3 |     6 |     1 ||    10
       Scroll            |       |    12 |     5 |     4 ||    21
 Stab: Confused          |       |       |       |     1 ||     1
